 Dungeon Crawl Stone Soup version 0.27.0-1-g7a089689b8 (webtiles) character file.

Game seed: 499605140915073543

98 VictoriousLee the Insei (level 4, -3/28 HPs)
             Began as an Octopode Transmuter on Aug 8, 2021.
             Was an Initiate of Cheibriados.
             Slain by Robin (6 damage)
             ... on level 3 of the Dungeon.
             The game lasted 00:13:45 (2971 turns).

VictoriousLee the Insei (Octopode Transmuter)       Turns: 2971, Time: 00:13:48

Health: -3/28      AC:  1    Str:  9 (10) XL:     4   Next: 71%
Magic:  25/25      EV: 13    Int: 18 (20) God:    Cheibriados [......]
Gold:   50         SH:  0    Dex: 13 (14) Spells: 2/7 levels left

rFire    . . .     SeeInvis +   f - +1 short sword (venom)
rCold    . . .     Faith    .   (no shield)
rNeg     . . .     Spirit   .   (helmet currently unavailable)
rPois    +         Reflect  .   (no amulet)
rElec    .         Harm     .   e - ring "Cebusocw" {rPois MP+9 Int+4 SInv}
rCorr    .         Rampage  .   i - ring of magical power
Will     .....                  (no ring)
Stlth    ++........             (no ring)
HPRegen  0.09/turn              (no ring)
MPRegen  0.19/turn              (no ring)
                                (no ring)
                                (no ring)

@: about to teleport, appendages (expiring), very slow
A: tentacle spike 3, almost no armour, amphibious, 8 rings, camouflage 1,
gelatinous body 1, (nimble swimmer 1), tentacles
a: End Transformation, Renounce Religion, Bend Time


You were on level 3 of the Dungeon.
You worshipped Cheibriados.
Cheibriados was noncommittal.
One of your tentacles had grown a beastly spike.
You visited 1 branch of the dungeon, and saw 3 of its levels.

You collected 50 gold pieces.

Inventory:

Hand Weapons
 f - a +1 short sword of venom (weapon)
 m - a +0 hunting sling
Missiles
 a - 43 bolts
 b - a throwing net
 c - 47 stones
 g - 38 arrows
Jewellery
 e - the ring "Cebusocw" (left tentacle) {rPois MP+9 Int+4 SInv}
   (You acquired it on level 2 of the Dungeon)

   [ring of poison resistance]

   Int:       It affects your intelligence (+4).
   rPois:     It protects you from poison.
   MP:        It affects your magic capacity (+9).
   SInv:      It lets you see invisible.
 i - a ring of magical power (right tentacle)
Scrolls
 n - a scroll of identify {unknown}
Potions
 h - a potion of lignification {unknown}
 j - a potion of degeneration
 k - a potion of curing {unknown}
 l - a potion of flight {unknown}


   Skills:
 - Level 1.0 Fighting
 - Level 2.0 Dodging
 - Level 4.0 Unarmed Combat
 - Level 2.0 Spellcasting
 * Level 3.8 Transmutations
 + Level 0.4 Ice Magic


You had 2 spell levels left.
You knew the following spells:

 Your Spells              Type           Power      Damage    Failure   Level
a - Beastly Appendage     Tmut           30%        N/A       3%          1
b - Ice Form              Ice/Tmut       9%         N/A       58%         4

Your spell library contained the following spells:

 Spells                   Type           Power      Damage    Failure   Level
 Wereblood                Tmut           15%        N/A       5%          2
 Spider Form              Tmut/Pois      4%         N/A       24%         3
 Gell's Gravitas          Tloc           0%         N/A       47%         3
 Lesser Beckoning         Tloc           0%         N/A       47%         3
 Teleport Other           Tloc           1%         N/A       47%         3


Dungeon Overview and Level Annotations

Branches:
Dungeon (3/15)

Altars:
Cheibriados

Annotations:
D:3 Robin


Innate Abilities, Weirdness & Mutations

One of your tentacles has grown a beastly spike.
You cannot wear most types of armour.
You are amphibious.
You can wear up to eight rings at the same time.
Your skin changes colour to match your surroundings (Stealth+).
Your rubbery body absorbs attacks. (AC +1, EV +1)
((You are camouflaged near water. (Stealth+)))
You have tentacles for arms and can constrict up to eight enemies at once.


Message History

Cheibriados appreciates the change of pace.
Robin says, "My army is invincible!"
Robin roars a battlecry!
The goblins go into a battle-frenzy!
The hobgoblin shouts!
The goblin shouts!
Robin throws the goblin at you! The goblin closely misses you.
You see here a +0 dagger of speed.
You closely miss the hobgoblin. You grab the hobgoblin.
You pierce the hobgoblin.
You squeeze the hobgoblin.
You kill the hobgoblin!
Cheibriados thoroughly appreciates the change of pace.
Your transformation is almost over.
The goblin hits you with a +0 club.
You closely miss the goblin. You grab the goblin.
You pierce the goblin.
The goblin is moderately wounded.
You constrict the goblin.
You kill the goblin!
Cheibriados thoroughly appreciates the change of pace.
The goblin hits you with a +0 club.
You closely miss the goblin. Your grab misses the goblin.
The goblin misses you. The goblin completely misses you.
You closely miss the goblin. You grab the goblin.
You pierce the goblin, but do no damage.
You constrict the goblin. The goblin completely misses you.
The goblin hits you with a +2 dagger of flaming.
The goblin burns you.
As you read the scroll of teleportation, it crumbles to dust.
You feel strangely unstable.
You constrict the goblin. Robin hits you with a +7 club!
* * * LOW HITPOINT WARNING * * *
The goblin closely misses you. The goblin barely misses you.
The hobgoblin misses you.
It was a potion of degeneration.
There was something very wrong with that liquid.
You feel weakened.
You feel dopey.
You feel clumsy.
You constrict the goblin.
You kill the goblin!
Cheibriados appreciates the change of pace.
Robin hits you with a +7 club.
You die...

,,,,,,,,,,* ###################
,,,,,,,,,,* #..............#...
,,,,,,,,,.*** #..............#.##
,,,,,,,,,..,* #..................
,,,,,,,,,,#.###.......#####.##'##
+********##......)...............
,,,,,,,,,........................
*********######g.................
#...@................
#..g)g.......##......
#............#.......
###............#.>.....
#.......########.......
#......)########.......
**********#......).......#.......
,,,,**,,,,...............#.......
,,,,,,,,,,.....#gg.......#.......


You could see Robin, a hobgoblin (strong) and a goblin (strong).

Vanquished Creatures
  3 adders (D:2)
  An adder skeleton (D:2)
  A worm (D:2)
  2 dart slugs (D:1)
  2 ball pythons
  3 bats
  4 endoplasms
  2 giant cockroaches
  15 goblins
  5 hobgoblins
  5 jackals
  9 kobolds
  2 frilled lizards (D:1)
  A rat (D:2)
55 creatures vanquished.

Notes
Turn   | Place    | Note
-------+----------+-------------------------------------------
     0 | D:1      | VictoriousLee the Octopode Transmuter began the quest for
                  | the Orb.
     0 | D:1      | Reached XP level 1. HP: 13/13 MP: 3/3
   187 | D:1      | Reached XP level 2. HP: 18/18 MP: 3/5
   806 | D:1      | Reached XP level 3. HP: 20/23 MP: 4/6
   897 | D:1      | Found a faded altar of an unknown god.
  1648 | D:2      | Reached XP level 4. HP: 18/28 MP: 7/7
  2085 | D:2      | Reached skill level 4 in Unarmed Combat
  2127 | D:2      | Identified a scroll of acquirement
  2127 | D:2      | Acquired the ring "Cebusocw" {rPois MP+9 Int+4 SInv}
  2459 | D:3      | Learned a level 4 spell: Ice Form
  2584 | D:3      | Noticed Robin
  2684 | D:3      | Found a snail-covered altar of Cheibriados.
  2693 | D:3      | Became a worshipper of Cheibriados the Contemplative
  2971 | D:3      | Slain by Robin

Illustrated notes

Levels and vault maps discovered:
D:1:      dpeg_arrival_brainrot, layout_loops_ring,
          ebering_ecumenical_altar_rust, minmay_tromino_i4
D:2:      layout_basic
D:3:      layout_basic, nicolae_overflow_crystal_walls, uniq_robin

Skill      XL: |  1  2  3  4 |
---------------+-------------+-----
Transmutations | 3 |  3.8
Unarmed Combat | 4 |  4.0
Fighting       | |  1.0
Dodging        | |  2.0
Spellcasting   | |  2.0
Ice Magic      | |  0.4

Action                   |  1- 3 |  4- 6 || total
-------------------------+-------+-------++-------
Melee: Unarmed           |    42 |       ||    42
       Constrict         |    18 |    14 ||    32
       Kick              |    16 |    17 ||    33
       Tentacles         |     7 |     4 ||    11
       Short sword       |    22 |    47 ||    69
       Punch             |     1 |     1 ||     2
 Cast: Beastly Appendage |    25 |    13 ||    38
  Use: Scroll            |       |     8 ||     8
       Potion            |       |     1 ||     1
 Stab: Sleeping          |     3 |     2 ||     5
Armor: Skin              |     3 |     1 ||     4
Dodge: Dodged            |    31 |    41 ||    72
